Construct Infanterie Kompanie
Selects Luftwaffe Battlegroup
Construct Panzergrenadier Kompanie
Pak 40 Anti-tank Gun Team
Selects Stuka Strafing Run
Selects Fallschirmjäger Squad Paradrop
Fallschirmjäger Squad Paradrop
Fallschirmjäger Squad Paradrop
Construct Panzer Kompanie
Pak 40 Anti-tank Gun Team
Selects Luftwaffe Pioneer Support
Selects Flak 38 Anti-Air Emplacement
Selects Flak 36 Anti-tank Gun Emplacement
Fallschirmjäger Squad Paradrop
Fallschirmjäger Squad Paradrop